 Dungeon Crawl Stone Soup version 0.31.0-11-ge490571c62 (webtiles) character file.

Game seed: 7534827600281629025

123 Rassilon the Trooper (level 4, 0/13 HPs)
             Began as a Demonspawn Monk on Jan 28, 2024.
             Slain by a gnoll
             ... wielding a +0 whip
              (4 damage)
             ... on level 3 of the Dungeon.
             The game lasted 00:08:05 (2067 turns).

Rassilon the Trooper (Demonspawn Monk)              Turns: 2067, Time: 00:08:06

Health: 0/13       AC:  0    Str: 11    XL:     4   Next: 80%
Magic:  0/4        EV: 17    Int: 13    God:
Gold:   185        SH:  0    Dex: 15    Spells: 3/3 levels left

rFire   . . .        n - melded +0 scimitar (venom)
rCold   . . .        d - melded orb {light}
rNeg    . . .        b - melded +0 robe
rPois   .            (no helmet)
rElec   .            (no cloak)
rCorr   +            (no gloves)
SInv    .            (no boots)
Will    .....        (no amulet)
Stlth   +            l - ring of resist corrosion
HPRegen 0.22/turn    (no ring)
MPRegen 0.18/turn

%: guardian spirit
@: flux-form, glowing
A: glow, contaminating, reduced hp, magic shield, magic regeneration
a: Begin Untransformation


You were on level 3 of the Dungeon.
You were something dangerously unstable.
You visited 1 branch of the dungeon, and saw 3 of its levels.

You collected 185 gold pieces.

Inventory:

Hand Weapons
 n - a +0 scimitar of venom (melded)
Armour
 b - a +0 robe (melded)
 d - an orb of light (melded)
Jewellery
 l - a ring of resist corrosion (left hand)
Talismans
 o - a flux talisman (active)
Scrolls
 e - a scroll of immolation {unknown}
 f - a scroll of fear {unknown}
 h - a scroll of teleportation {unknown}
 k - a scroll of identify {unknown}
 m - a scroll of noise {unknown}
Potions
 a - a potion of resistance {unknown}
 c - a potion of ambrosia
 g - a potion of attraction {unknown}
 i - a potion of brilliance {unknown}
 j - a potion of curing {unknown}
 p - a potion of lignification {unknown}


   Skills:
 * Level 4.2 Fighting
 + Level 3.3 Long Blades
 - Level 0.4 Maces & Flails
 + Level 3.4 Dodging
 - Level 0.1 Stealth
 + Level 0.6 Shapeshifting


You had 3 spell levels left.
You didn't know any spells.
Your spell library was empty.

Dungeon Overview and Level Annotations

Branches:
Dungeon (3/15)

Altars:


Innate Abilities, Weirdness & Mutations

You are something dangerously unstable.
You glow with magical radiation, making you easy to see and hit.
Foes you strike become dangerously contaminated with magical radiation.
Your maximum health is decreased, since you lack skill for your form.
You are incapable of wielding weapons or throwing items.
When hurt, damage is shared between your health and your magic reserves.
You regenerate magic rapidly.


Message History

The ribbon worm is almost dead.
The ribbon worm misses you.
You hit the ribbon worm.
The ribbon worm begins to glow.
The ribbon worm is almost dead.
The ribbon worm barely misses you.
You hit the ribbon worm.
The ribbon worm glows dangerously bright.
The ribbon worm is almost dead.
You hit the ribbon worm.
You kill the ribbon worm!
You start resting.
Magic restored.
HP restored.
A gnoll comes into view. It is wielding a +0 whip.
A gnoll comes into view. It is wielding a +0 halberd.
The gnoll shouts! x2; You hear a shout! x2; You hear an angry hiss.
The gnoll barely misses you. The gnoll closely misses you.
You hit the gnoll but do no damage.
The gnoll begins to glow.
The gnoll hits you with a +0 whip.
The gnoll hits you from afar with a +0 halberd.
You hit the gnoll.
The gnoll glows dangerously bright.
The gnoll is lightly wounded.
The gnoll barely misses you. The gnoll completely misses you.
You hit the gnoll but do no damage.
The gnoll shudders as magic cascades through it.
The gnoll twists and deforms.
The gnoll is moderately wounded.
A gnoll comes into view. It is wielding a +0 falchion.
The gnoll misses you. The gnoll closely misses you.
You barely miss the gnoll.
The gnoll is moderately wounded.
The gnoll misses you.
The gnoll hits you from afar with a +0 halberd.
* * * LOW HITPOINT WARNING * * *
Unknown command.
You barely miss the gnoll.
The gnoll is moderately wounded.
The gnoll hits you with a +0 whip.
You die...

#.# #.# # ... .#
#.# .###
#.#####g##.....
............^.. #g#
#g# .# #.#####p##.#
#........#.#
#######..#.# #..#.#
#..#.#
########..#.#
............#######
########...........
##..########


You could see 3 gnolls.

Vanquished Creatures
  2 orc wizards (D:3)
  3 adders (D:2)
  A dart slug (D:1)
  A ribbon worm (D:3)
  2 orcs (D:3)
  4 ball pythons
  2 bats
  An endoplasm (D:1)
  A giant cockroach (D:2)
  6 goblins
  3 hobgoblins
  2 quokkas
  A frilled lizard (D:2)
  7 kobolds
  8 rats
44 creatures vanquished.

Notes
Turn   | Place    | Note
-------+----------+-------------------------------------------
     0 | D:1      | Rassilon the Demonspawn Monk began the quest for the Orb.
     0 | D:1      | Reached XP level 1. HP: 18/18 MP: 1/1
   299 | D:1      | Gained mutation: You regenerate magic rapidly. [demonic
                  | ancestry]
   299 | D:1      | Reached XP level 2. HP: 8/24 MP: 2/2
  1054 | D:2      | Reached XP level 3. HP: 29/29 MP: 3/3
  1799 | D:3      | Gained mutation: When hurt, damage is shared between your
                  | health and your magic reserves. [demonic ancestry]
  1799 | D:3      | Reached XP level 4. HP: 37/37 MP: 4/4
  1803 | D:3      | Reached skill level 4 in Fighting
  2067 | D:3      | Slain by a gnoll

Illustrated notes

Levels and vault maps discovered:
D:1:      erik_arrival_orb_chamber, layout_loops_ring
D:2:      layout_loops_ring, amcnicky_mini_corridor_feature
D:3:      layout_loops_ring

Skill      XL: |  1  2  3  4 |
---------------+-------------+-----
Long Blades    | 3 |  3.3
Dodging        | 3 |  3.4
Fighting       | 4 |  4.2
Maces & Flails | |  0.4
Stealth        | |  0.1
Shapeshifting  | |  0.6

Action                     |  1- 3 |  4- 6 || total
---------------------------+-------+-------++-------
  Melee: Falchion          |    55 |       ||    55
         Whip              |    24 |       ||    24
         Scimitar          |    12 |    12 ||    24
         Unarmed           |       |    14 ||    14
 Armour: Robe              |    39 |     6 ||    45
         Skin              |       |     6 ||     6
  Dodge: Dodged            |    59 |    21 ||    80
   Form: Flux              |       |     1 ||     1
